 Dungeon Crawl Stone Soup version 0.30-a0-354-g6b83867211 (webtiles) character file.

Game seed: 17307678734886747266

1207 zishaf the Trooper (level 8, 0/59 HPs)
             Began as a Djinni Venom Mage on Nov 7, 2022.
             Was an Initiate of Makhleb.
             Slain by an ice beast (12 damage)
             ... on level 6 of the Dungeon.
             The game lasted 00:14:15 (5730 turns).

zishaf the Trooper (Djinni Venom Mage)              Turns: 5730, Time: 00:14:15

Health: 0/59       AC:  2    Str:  7    XL:     8   Next: 73%
Gold:   248        EV: 19    Int: 19    God:    Makhleb [......] SH:  0 Dex: 19

rFire   . . .      SeeInvis .    (weapon currently unavailable)
rCold   . . .      Faith    .    (shield currently unavailable)
rNeg    . . .      Spirit   .    (body armour currently unavailable)
rPois   ∞          Reflect  .    (helmet currently unavailable)
rElec   .          Harm     .    (cloak currently unavailable)
rCorr   +          Rampage  .    (gloves currently unavailable)
Will    .....                    (boots unavailable)
Stlth   ++........               (no amulet)
HPRegen 0.29/turn                k - ring of wizardry
MPRegen 0.00/turn                t - ring of resist corrosion

@: spider-form (expiring), flying
A: venomous fangs, flying, sickness immunity, tiny, (fire resistance 2), (cold
vulnerability 1), float, innate caster, HP casting, extra vitality 1
a: End Transformation, Renounce Religion


You were on level 6 of the Dungeon.
You worshipped Makhleb.
Makhleb was noncommittal.
You were a venomous arachnid creature.
You visited 1 branch of the dungeon, and saw 7 of its levels.

You collected 248 gold pieces.

Inventory:

Hand Weapons
 p - a +1 dagger of venom (melded)
 z - a +1 short sword of holy wrath
Armour
 a - a +0 robe
 d - a +2 helmet (melded)
 j - a +3 ring mail (melded)
 s - a +1 pair of gloves (melded)
 u - a +0 buckler (melded)
Magical Staves
 h - a staff of conjuration
 q - a staff of earth
Jewellery
 k - a ring of wizardry (left front leg)
 t - a ring of resist corrosion (right front leg)
 y - a +6 ring of dexterity
Wands
 g - a wand of iceblast (25)
Scrolls
 c - a scroll of teleportation
 e - a scroll of torment
 l - a scroll of immolation
 r - 2 scrolls of blinking
 v - 2 scrolls of poison
Potions
 b - 5 potions of haste
 f - 2 potions of mutation
 i - 4 potions of curing
 m - a potion of berserk rage {unknown}
 n - a potion of brilliance {unknown}
 o - 2 potions of might {unknown}
 w - a potion of degeneration {unknown}
 x - a potion of magic {unknown}


   Skills:
 + Level 5.3 Fighting
 - Level 2.1 Dodging
 - Level 1.5 Stealth
 + Level 3.8 Shields
 + Level 4.9 Spellcasting
 + Level 0.0 Invocations
 - Level 4.0 Evocations


You couldn't memorise any spells.
You knew the following spells:

 Your Spells              Type           Power      Damage    Failure   Level
a - Sting                 Tmut/Pois      92%        1d7       2%          1
b - Poisonous Vapours     Pois/Air       46%        N/A       4%          2
c - Momentum Strike       Conj/Tloc      46%        3d9       4%          2
d - Spider Form           Tmut/Pois      23%        N/A       6%          3
e - Freeze                Ice            92%        1d9       2%          1
z - Mephitic Cloud        Conj/Pois/Air  23%        N/A       6%          3
A - Olgreb's Toxic Radia  Pois           23%        N/A       14%         4
Your spell library was empty.

Dungeon Overview and Level Annotations

Branches:
Dungeon (7/15)
 Temple: D:4-7

Altars:
Dithmenos
Makhleb
Yredelemnul
The Shining One


Innate Abilities, Weirdness & Mutations

You are a venomous arachnid creature.
You have poisonous fangs.
You are tiny and dextrous.
You are flying.
Your spellcasting is less reliable in this form.
Your armour is entirely melded.
You are incapable of wielding weapons or throwing items.
You are immune to sickness and miasma.
You are immune to poison.
((Your flesh is very heat resistant. (rF++)))
((You are vulnerable to cold. (rC-)))
You float through the air rather than walking.
You learn spells naturally, not from books.
Your magical power is your life essence.
You have superior vitality. (+4 MHP)


Message History

The ice beast closely misses you.
The white imp hits you but does no damage.
You fly upwards.
There is a stone staircase leading down here.
Casting: Freeze (safe; 3% risk of failure)
Confirm with . or Enter, or press ? or * to list all spells.
Okay, then.
Casting: Freeze (safe; 3% risk of failure)
Confirm with . or Enter, or press ? or * to list all spells.
You turn into a venomous arachnid creature.
Your +1 dagger of venom melds into your body.
Your +2 helmet melds into your body.
Your +1 pair of gloves melds into your body.
Your +0 buckler melds into your body.
Your +3 ring mail melds into your body.
Your +1 dagger of venom stops dripping with poison.
The ice beast closely misses you. The white imp misses you.
Unknown command.
The ice beast attacks as you move away! The ice beast misses you.
The white imp gestures at you. The puff of frost hits you.
* * * LOW HITPOINT WARNING * * *
The ice beast attacks as you move away! The ice beast misses you.
The ice beast closely misses you.
You hit the ice beast but do no damage.
The ice beast is poisoned.
The ice beast is lightly wounded.
The ice beast barely misses you.
You hit the ice beast.
The ice beast is moderately wounded.
Your transformation is almost over.
The ice beast closely misses you.
You hit the ice beast but do no damage.
The ice beast is heavily wounded.
The ice beast misses you.
The white imp lashes its tail.
You hit the ice beast but do no damage.
The ice beast is heavily wounded.
The ice beast hits you.
* * * LOW HITPOINT WARNING * * *
The ice beast freezes you!
You die...

#..#####.#......##.##
###...##.......#...#..#
##....#.......####.....#
#...###.....#...####..#.
##....#...(###..####....
#.........##......#....
####.......###..........>
##.###....................
#######........s###..........^..
##..#..#......###Y...............
##........##....#5....###.##.....
#..............>..........###....
.....##................#.###..#..
.....##...............#####(..##.
.....#####...........#####..####.
......####..................#.##.
#...####.#.......................


You could see an ice beast (very poisoned) and a white imp.

Vanquished Creatures
  Sigmund (D:5)
  A sky beast (D:6)
  An ogre (D:4)
  A black bear (D:6)
  2 centaurs (D:6)
  A kobold brigand (D:6)
  A bullfrog (D:6)
  A necrophage (D:6)
  2 jellies
  2 hounds (D:5)
  An orc priest (D:4)
  Ijyb (D:5)
  3 iguanas
  3 orc wizards
  A hound skeleton (D:6)
  6 gnolls
  2 adders
  2 white imps
  3 ufetubi
  5 worms
  A dart slug (D:2)
  15 orcs
  7 ball pythons
  6 bats
  7 endoplasms
  4 giant cockroaches
  8 goblins
  4 hobgoblins
  2 quokkas
  8 frilled lizards
  10 kobolds
  6 rats
118 creatures vanquished.

Vanquished Creatures (others)
  A gnoll (D:3)
  An orc (D:3)
  A demonic plant (D:1)
  2 fungi (D:1)
  6 plants (D:3)
  2 withered plants (D:1)
13 creatures vanquished.

Grand Total: 131 creatures vanquished

Notes
Turn   | Place    | Note
-------+----------+-------------------------------------------
     0 | D:1      | zishaf the Djinni Venom Mage began the quest for the Orb.
     0 | D:1      | zishaf set off with the following spells memorised: Sting,
                  | Poisonous Vapours, Mephitic Cloud, Olgreb's Toxic Radiance.
     0 | D:1      | Reached XP level 1. HP: 15/15 MP: 0/0
   123 | D:1      | You are sucked into a shaft and drop 1 floor!
   134 | D:2      | Reached XP level 2. HP: 16/22 MP: 0/0
   161 | D:2      | Reached skill level 1 in Fighting
   497 | D:2      | Reached XP level 3. HP: 17/27 MP: 0/0
   497 | D:2      | Learned a level 1 spell: Freeze
   758 | D:2      | Reached skill level 2 in Fighting
   817 | D:2      | Reached XP level 4. HP: 33/33 MP: 0/0
   955 | D:1      | Reached skill level 1 in Evocations
  1008 | D:1      | Found a faded altar of an unknown god.
  1748 | D:3      | Reached XP level 5. HP: 34/39 MP: 0/0
  1748 | D:3      | Learned a level 2 spell: Momentum Strike
  2400 | D:3      | Reached skill level 3 in Fighting
  2897 | D:4      | Noticed an ogre
  2965 | D:4      | Killed an ogre
  2966 | D:4      | Reached XP level 6. HP: 30/46 MP: 0/0
  3233 | D:4      | Identified the +1 leather armour "Vaiq" {Fly rPois SInv}
  3424 | D:4      | Found a glowing golden altar of the Shining One.
  3424 | D:4      | Found a basalt altar of Yredelemnul.
  3726 | D:5      | Entered Level 5 of the Dungeon
  3760 | D:5      | Noticed Sigmund
  3769 | D:5      | Killed Sigmund
  3770 | D:5      | Reached skill level 1 in Shields
  3770 | D:5      | Reached XP level 7. HP: 25/51 MP: 0/0
  3770 | D:5      | Learned a level 3 spell: Spider Form
  4216 | D:5      | Noticed Ijyb
  4229 | D:5      | Killed Ijyb
  4230 | D:5      | Reached skill level 4 in Fighting
  4388 | D:5      | Found a shadowy altar of Dithmenos.
  4742 | D:6      | Reached XP level 8. HP: 13/58 MP: 0/0
  5045 | D:6      | Reached skill level 5 in Fighting
  5623 | D:6      | Found a burning altar of Makhleb.
  5654 | D:6      | Became a worshipper of Makhleb the Destroyer
  5730 | D:6      | Slain by an ice beast

Illustrated notes

Levels and vault maps discovered:
D:1:      psy_arrival_dodecagon, layout_rooms, shapermc_ecumenical_altar_gd
D:2:      layout_loops_ring, minmay_misc_feat_columns
D:3:      layout_loops_corners, kennysheep_boxes
D:4:      layout_basic, grunt_temple_overflow_open, serial_park_tiny_pond
D:5:      layout_rooms, grunt_dithmenos_smoke_and_mirrors,
          grunt_decor_arrowhead, bh_walls_and_bars, uniq_ijyb, uniq_sigmund
D:6:      layout_cave_pools, makhleb_blood_cavern_becter
D:7:      layout_loops_ring, overflow_temple_1_default, jmf_multi_god_temple,
          temple_green, serial_shops, shop, kennysheep_mini,
          nicolae_shop_waterfront, nicolae_stop_n_shop_1, shop_statue,
          ebering_ghost_rock_garden, grunt_ministairs_9, dreamdust_gnoll_farm,
          uniq_menkaure

Skill      XL: |  1  2  3  4  5  6  7  8 |
---------------+-------------------------+-----
Fighting       | 1 2 3 4 5 |  5.3
Spellcasting   | 3 4 |  4.9
Evocations     | 1 2 3 4 |  4.0
Shields        | 1 2 3 |  3.8
Dodging        | |  2.1
Stealth        | |  1.5

Action                   |  1- 3 |  4- 6 |  7- 9 || total
-------------------------+-------+-------+-------++-------
Melee: Dagger            |     6 |    48 |    96 ||   150
       Unarmed           |     2 |       |    17 ||    19
       Punch             |       |     1 |       ||     1
 Cast: Sting             |    56 |   140 |    39 ||   235
       Poisonous Vapours |     2 |    17 |    11 ||    30
       Mephitic Cloud    |       |     4 |     6 ||    10
       Momentum Strike   |       |     4 |       ||     4
       Spider Form       |       |       |     2 ||     2
       Olgreb's Toxic Ra |       |       |     1 ||     1
       Freeze            |       |       |     2 ||     2
  Use: Scroll            |       |     9 |     5 ||    14
 Stab: Sleeping          |     1 |       |       ||     1
       Confused          |       |       |     1 ||     1
Armor: Robe              |     7 |     3 |       ||    10
       Ring mail         |       |    58 |    95 ||   153
Dodge: Dodged            |    17 |    55 |    65 ||   137
Block: Buckler           |       |     3 |    27 ||    30

Table legend: (Time is in decaauts)
 A = Elapsed time spent in this place.
 B = Non-inter-level travel time spent in this place.
 C = Inter-level travel time spent in this place.
 D = Time resting spent in this place.
 E = Time spent auto-exploring this place.
 F = Levels seen in this place.
 G = Mean time per level.
                   A        B        C        D        E       F      G
               +--------+--------+--------+--------+--------+-----+--------+
         Total |   5740 |   5548 |    192 |    802 |   3437 |   7 |  820.0 |
       Dungeon |   5740 |   5548 |    192 |    802 |   3437 |   7 |  820.0 |
               +--------+--------+--------+--------+--------+-----+--------+

Top non-repeatable levels by time:
     D:3: 1317 daAuts
     D:2: 1210 daAuts
     D:5: 1072 daAuts
     D:6: 929 daAuts
     D:4: 667 daAuts
     D:1: 537 daAuts
     D:7: 6 daAuts
